| TOP OF THE 1ST |
|
Cedar Rapids Kernels batting - Pitching for West Michigan Whitecaps : RHP Jared Barger
|
|
Pitching: RHP Jared Barger
|
|
|
Batting: RHB David McDonald
|
0-0: Ball 1-0: Foul Ball, location: 2F 1-1: Ground out 6-3 (Groundball, 56, EV 78.8 MPH)
|
|
Batting: RHB Tim Carter
|
0-0: Ball 1-0: Called Strike 1-1: Ball 2-1: Swinging Strike 2-2: Ground out 6-3 (Groundball, 6, EV 87.5 MPH)
|
|
Batting: LHB Kuemon Shishido
|
0-0: Called Strike 0-1: Ground out U3 (Groundball, 34, EV 97.5 MPH)
|
| Top of the 1st over - 0 runs, 0 hits, 0 errors, 0 left on base; Cedar Rapids 0 - West Michigan 0 |
| BOTTOM OF THE 1ST |
|
West Michigan Whitecaps batting - Pitching for Cedar Rapids Kernels : LHP Bobby Shaw
|
|
Pitching: LHP Bobby Shaw
|
|
|
Batting: SHB Willie Medina
|
0-0: Reached on error, E5 (Groundball, 25, EV 43.8 MPH)
|
|
Batting: RHB Jon Goldstein
|
0-0: Ball 1-0: Called Strike Willie Medina steals 2nd base 1-1: Fly out, F7 (Flyball, 78S, EV 82.5 MPH)
|
|
Batting: RHB German Quiroga
|
0-0: Called Strike 0-1: Swinging Strike 0-2: Strikes out looking
|
|
Batting: LHB Jamie Christian
|
0-0: Ball 1-0: Ball 2-0: Foul Ball, location: 2F 2-1: Called Strike 2-2: Foul Ball, location: 2F 2-2: Fly out, F9 (Flyball, 9D, EV 88.8 MPH)
|
| Bottom of the 1st over - 0 runs, 0 hits, 1 error, 1 left on base; Cedar Rapids 0 - West Michigan 0 |
| TOP OF THE 2ND |
|
Cedar Rapids Kernels batting - Pitching for West Michigan Whitecaps : RHP Jared Barger
|
|
Batting: LHB Shaun Price
|
0-0: Called Strike 0-1: Ball 1-1: Ground out 4-3 (Groundball, 4, EV 85.0 MPH)
|
|
Batting: LHB Brian Wagner
|
0-0: Called Strike 0-1: Ground out U3 (Groundball, 3L, EV 83.8 MPH)
|
|
Batting: LHB Marvin Shepherd
|
0-0: Swinging Strike 0-1: Ball 1-1: Foul Ball, location: 2F 1-2: Ball 2-2: Fly out, F7 (Line Drive, 7LM, EV 86.2 MPH)
|
| Top of the 2nd over - 0 runs, 0 hits, 0 errors, 0 left on base; Cedar Rapids 0 - West Michigan 0 |
| BOTTOM OF THE 2ND |
|
West Michigan Whitecaps batting - Pitching for Cedar Rapids Kernels : LHP Bobby Shaw
|
|
Batting: RHB Scott Carr
|
0-0: Called Strike 0-1: Called Strike 0-2: Ball 1-2: Strikes out swinging
|
|
Batting: LHB George Moran
|
0-0: Called Strike 0-1: Ball 1-1: Ground out 4-3 (Groundball, 4, EV 79.4 MPH)
|
|
Batting: LHB Jon Pedlar
|
0-0: Ball 1-0: Swinging Strike 1-1: Ball 2-1: Called Strike 2-2: Ball 3-2: Foul Ball, location: 2F 3-2: Base on Balls
|
|
Batting: LHB Steve Herrera
|
0-0: Foul Ball, location: 2F 0-1: Foul Ball, location: 2F 0-2: Ball 1-2: Strikes out swinging
|
| Bottom of the 2nd over - 0 runs, 0 hits, 0 errors, 1 left on base; Cedar Rapids 0 - West Michigan 0 |
| TOP OF THE 3RD |
|
Cedar Rapids Kernels batting - Pitching for West Michigan Whitecaps : RHP Jared Barger
|
|
Batting: RHB Chris Bejarano
|
0-0: Ball 1-0: Swinging Strike 1-1: Foul Ball, location: 2F 1-2: Ball 2-2: Strikes out swinging
|
|
Batting: LHB Hector Olvera
|
0-0: Ball 1-0: Ground out 4-3 (Groundball, 34D, EV 98.8 MPH)
|
|
Batting: RHB Antonio Santos
|
0-0: Ball 1-0: Ball 2-0: Called Strike 2-1: Ground out U3 (Groundball, 34S, EV 91.2 MPH)
|
| Top of the 3rd over - 0 runs, 0 hits, 0 errors, 0 left on base; Cedar Rapids 0 - West Michigan 0 |
| BOTTOM OF THE 3RD |
|
West Michigan Whitecaps batting - Pitching for Cedar Rapids Kernels : LHP Bobby Shaw
|
|
Batting: RHB Yaremka Rzhevsky
|
0-0: Called Strike 0-1: Ball 1-1: Ball 2-1: Ball 3-1: Base on Balls
|
|
Batting: SHB Willie Medina
|
0-0: Ball 1-0: Fielders Choice at 2nd, 4-6 (Groundball, 4M, EV 83.8 MPH)
|
|
Batting: RHB Jon Goldstein
|
0-0: Ball 1-0: Ball 2-0: Foul Ball, location: 2F 2-1: Foul Ball, location: 2F 2-2: Foul Ball, location: 2F 2-2: Foul Ball, location: 2F 2-2: Grounds into double play, 6-4-3 (Groundball, 6, EV 105.6 MPH)
|
| Bottom of the 3rd over - 0 runs, 0 hits, 0 errors, 0 left on base; Cedar Rapids 0 - West Michigan 0 |
| TOP OF THE 4TH |
|
Cedar Rapids Kernels batting - Pitching for West Michigan Whitecaps : RHP Jared Barger
|
|
Batting: RHB David McDonald
|
0-0: Called Strike 0-1: Swinging Strike 0-2: Strikes out swinging
|
|
Batting: RHB Tim Carter
|
0-0: Ball 1-0: Ball 2-0: Reached on error, E5 (Groundball, 56S, EV 91.2 MPH)
|
|
Batting: LHB Kuemon Shishido
|
0-0: Ball 1-0: Swinging Strike 1-1: Ball 2-1: Fly out, F8 (Flyball, 8LM, EV 90.0 MPH)
|
|
Batting: LHB Shaun Price
|
0-0: Called Strike 0-1: Ball 1-1: Called Strike 1-2: Ball 2-2: Ground out 4-3 (Groundball, 4, EV 79.4 MPH)
|
| Top of the 4th over - 0 runs, 0 hits, 1 error, 1 left on base; Cedar Rapids 0 - West Michigan 0 |
| BOTTOM OF THE 4TH |
|
West Michigan Whitecaps batting - Pitching for Cedar Rapids Kernels : LHP Bobby Shaw
|
|
Batting: RHB German Quiroga
|
0-0: Ball 1-0: Ball 2-0: Foul Ball, location: 2F 2-1: Ball 3-1: SINGLE (Groundball, 25, EV 66.2 MPH) (infield hit)
|
|
Batting: LHB Jamie Christian
|
0-0: Ball 1-0: Ball 2-0: Called Strike 2-1: Fly out, F8 (Flyball, 8RM, EV 90.0 MPH)
|
|
Batting: RHB Scott Carr
|
0-0: Ball Wild Pitch! German Quiroga to second 1-0: Ball 2-0: Swinging Strike 2-1: Foul Ball, location: 2F 2-2: Strikes out looking
|
|
Batting: LHB George Moran
|
0-0: SINGLE (Groundball, 56, EV 106.2 MPH) German Quiroga to third Runner from 3rd tries for Home, SAFE, throw by LF to home
|
|
Batting: LHB Jon Pedlar
|
0-0: Ball 1-0: Called Strike 1-1: Foul Ball, location: 2F 1-2: Strikes out swinging
|
| Bottom of the 4th over - 1 run, 2 hits, 0 errors, 1 left on base; Cedar Rapids 0 - West Michigan 1 |
| TOP OF THE 5TH |
|
Cedar Rapids Kernels batting - Pitching for West Michigan Whitecaps : RHP Jared Barger
|
|
Batting: LHB Brian Wagner
|
0-0: Swinging Strike 0-1: Ball 1-1: Foul Ball, location: 2F 1-2: SINGLE (Groundball, 56D, EV 108.1 MPH)
|
|
Batting: LHB Marvin Shepherd
|
0-0: Foul Ball, location: 2F 0-1: Ball 1-1: Called Strike 1-2: Strikes out swinging
|
|
Batting: RHB Chris Bejarano
|
0-0: Called Strike 0-1: Called Strike 0-2: Foul Ball, location: 2F 0-2: Fielders Choice at 2nd, 3-6 (Groundball, 3, EV 90.6 MPH)
|
|
Batting: LHB Hector Olvera
|
0-0: Ball 1-0: Hit by Pitch Chris Bejarano to second
|
|
Batting: RHB Antonio Santos
|
0-0: Ball 1-0: Ball 2-0: Foul Ball, location: 2F 2-1: Called Strike 2-2: Foul Ball, location: 2F 2-2: Ball 3-2: Base on Balls Chris Bejarano to third Hector Olvera to second
|
|
Batting: RHB David McDonald
|
0-0: Swinging Strike 0-1: Ball 1-1: Called Strike 1-2: Ball Wild Pitch! Chris Bejarano scores Hector Olvera to third Antonio Santos to second 2-2: SINGLE (Groundball, 6M, EV 103.1 MPH) (infield hit) Hector Olvera scores Antonio Santos to third
|
|
Batting: RHB Tim Carter
|
0-0: Foul Ball, location: 2F 0-1: DOUBLE (Flyball, 89D, EV 111.2 MPH) Antonio Santos scores David McDonald to third
|
|
Batting: LHB Kuemon Shishido
|
0-0: Ball 1-0: Ball 2-0: SINGLE (Groundball, 34D, EV 102.5 MPH) David McDonald scores Tim Carter to third Runner from 3rd tries for Home, SAFE, throw by RF to home Kuemon Shishido to second
|
|
Batting: LHB Shaun Price
|
0-0: Ball 1-0: Ball 2-0: Foul Ball, location: 2F 2-1: Ball 3-1: Ground out 4-3 (Groundball, 4, EV 87.5 MPH)
|
| Top of the 5th over - 5 runs, 4 hits, 0 errors, 1 left on base; Cedar Rapids 5 - West Michigan 1 |
| BOTTOM OF THE 5TH |
|
West Michigan Whitecaps batting - Pitching for Cedar Rapids Kernels : LHP Bobby Shaw
|
|
Batting: LHB Steve Herrera
|
0-0: Called Strike 0-1: Ball 1-1: Foul Ball, location: 2F 1-2: Ball 2-2: Fly out, F3 (Line Drive, 34, EV 66.2 MPH)
|
|
Batting: RHB Yaremka Rzhevsky
|
0-0: SINGLE (Groundball, 56D, EV 100.6 MPH)
|
|
Batting: SHB Willie Medina
|
0-0: Swinging Strike 0-1: Swinging Strike 0-2: Foul Ball, location: 2F 0-2: Ball 1-2: Strikes out swinging
|
|
Batting: RHB Jon Goldstein
|
0-0: SINGLE (Groundball, 56, EV 100.6 MPH) Yaremka Rzhevsky to second
|
|
Batting: RHB German Quiroga
|
0-0: Called Strike 0-1: Swinging Strike 0-2: Ball 1-2: Ball 2-2: Foul Ball, location: 2F 2-2: Ball 3-2: Strikes out swinging
|
| Bottom of the 5th over - 0 runs, 2 hits, 0 errors, 2 left on base; Cedar Rapids 5 - West Michigan 1 |
| TOP OF THE 6TH |
|
Cedar Rapids Kernels batting - Pitching for West Michigan Whitecaps : RHP Jared Barger
|
|
Batting: LHB Brian Wagner
|
0-0: Ball 1-0: Foul Ball, location: 2F 1-1: Swinging Strike 1-2: Ball 2-2: Strikes out swinging
|
|
Batting: LHB Marvin Shepherd
|
0-0: Hit by Pitch
|
|
Batting: RHB Chris Bejarano
|
0-0: Ball 1-0: Ball 2-0: Foul Ball, location: 2F 2-1: Swinging Strike 2-2: Ball 3-2: Strikes out looking Marvin Shepherd steals 2nd base Batter strikes out.
|
|
Batting: LHB Hector Olvera
|
0-0: Called Strike 0-1: Ball 1-1: Swinging Strike 1-2: Strikes out looking
|
| Top of the 6th over - 0 runs, 0 hits, 0 errors, 1 left on base; Cedar Rapids 5 - West Michigan 1 |
| BOTTOM OF THE 6TH |
|
West Michigan Whitecaps batting - Pitching for Cedar Rapids Kernels : LHP Bobby Shaw
|
|
Pitching: RHP Scot Abbott
|
|
|
Batting: LHB Jamie Christian
|
0-0: Ground out 6-3 (Groundball, 6S, EV 83.8 MPH)
|
|
Batting: RHB Scott Carr
|
0-0: Called Strike 0-1: Swinging Strike 0-2: Strikes out swinging
|
|
Batting: LHB George Moran
|
0-0: Swinging Strike 0-1: Fly out, F7 (Flyball, 7LM, EV 85.6 MPH)
|
| Bottom of the 6th over - 0 runs, 0 hits, 0 errors, 0 left on base; Cedar Rapids 5 - West Michigan 1 |
| TOP OF THE 7TH |
|
Cedar Rapids Kernels batting - Pitching for West Michigan Whitecaps : RHP Jared Barger
|
|
Pitching: LHP Jesse Turner
|
|
|
Batting: RHB Antonio Santos
|
0-0: Called Strike 0-1: Ball 1-1: Called Strike 1-2: Ball 2-2: Strikes out swinging
|
|
Batting: RHB David McDonald
|
0-0: Called Strike 0-1: Swinging Strike 0-2: Ball 1-2: Strikes out swinging
|
|
Batting: RHB Tim Carter
|
0-0: SINGLE (Groundball, P, EV 76.9 MPH) (infield hit)
|
|
Batting: LHB Kuemon Shishido
|
0-0: Called Strike 0-1: Ball 1-1: Foul Ball, location: 2F 1-2: Ball 2-2: Strikes out swinging
|
| Top of the 7th over - 0 runs, 1 hit, 0 errors, 1 left on base; Cedar Rapids 5 - West Michigan 1 |
| BOTTOM OF THE 7TH |
|
West Michigan Whitecaps batting - Pitching for Cedar Rapids Kernels : RHP Scot Abbott
|
|
Batting: LHB Jon Pedlar
|
0-0: Ground out U3 (Groundball, 34, EV 80.0 MPH)
|
|
Batting: LHB Steve Herrera
|
0-0: Ball 1-0: Called Strike 1-1: Called Strike 1-2: Foul Ball, location: 2F 1-2: Foul Ball, location: 2F 1-2: Foul Ball, location: 2F 1-2: DOUBLE (Line Drive, 5D, EV 106.2 MPH)
|
|
Batting: RHB Yaremka Rzhevsky
|
0-0: Ball 1-0: Called Strike 1-1: SINGLE (Groundball, 56D, EV 108.8 MPH) Steve Herrera to third
|
|
Batting: SHB Willie Medina
|
0-0: Ball Yaremka Rzhevsky steals 2nd, throwing error, E2 Steve Herrera scores Yaremka Rzhevsky to third 1-0: Ball 2-0: Fly out, F4 (Flyball, 4D, EV 95.6 MPH)
|
|
Batting: RHB Jon Goldstein
|
0-0: Ball 1-0: Called Strike 1-1: Swinging Strike 1-2: Ball 2-2: Strikes out swinging
|
| Bottom of the 7th over - 1 run, 2 hits, 1 error, 1 left on base; Cedar Rapids 5 - West Michigan 2 |
| TOP OF THE 8TH |
|
Cedar Rapids Kernels batting - Pitching for West Michigan Whitecaps : LHP Jesse Turner
|
|
Batting: LHB Shaun Price
|
0-0: Foul Ball, location: 2F 0-1: SINGLE (Line Drive, 9LS, EV 88.8 MPH)
|
|
Batting: LHB Brian Wagner
|
0-0: Ball 1-0: Ball 2-0: Called Strike 2-1: Foul Ball, location: 2F 2-2: Strikes out swinging
|
|
Batting: LHB Marvin Shepherd
|
0-0: Called Strike 0-1: Ball 1-1: Called Strike 1-2: Foul Ball, location: 2F 1-2: Ball 2-2: Foul Ball, location: 2F 2-2: Strikes out swinging
|
|
Batting: RHB Chris Bejarano
|
0-0: Foul Ball, location: 2F 0-1: Ball 1-1: Foul Ball, location: 2F 1-2: Strikes out looking
|
| Top of the 8th over - 0 runs, 1 hit, 0 errors, 1 left on base; Cedar Rapids 5 - West Michigan 2 |
| BOTTOM OF THE 8TH |
|
West Michigan Whitecaps batting - Pitching for Cedar Rapids Kernels : RHP Scot Abbott
|
|
Pitching: LHP Josh Armstrong
|
|
|
Batting: RHB German Quiroga
|
0-0: Called Strike 0-1: Ground out 6-3 (Groundball, P, EV 91.2 MPH)
|
|
Batting: LHB Jamie Christian
|
0-0: Called Strike 0-1: Ball 1-1: Ball 2-1: Foul Ball, location: 2F 2-2: Fly out, F9 (Flyball, 9S, EV 97.5 MPH)
|
|
Batting: RHB Scott Carr
|
0-0: Called Strike 0-1: Swinging Strike 0-2: Ball 1-2: Ground out 3-1 (Groundball, 34, EV 100.0 MPH)
|
| Bottom of the 8th over - 0 runs, 0 hits, 0 errors, 0 left on base; Cedar Rapids 5 - West Michigan 2 |
| TOP OF THE 9TH |
|
Cedar Rapids Kernels batting - Pitching for West Michigan Whitecaps : LHP Jesse Turner
|
|
Pitching: RHP Tony Kepp
|
|
|
Batting: LHB Hector Olvera
|
0-0: Ball 1-0: Ground out 4-3 (Groundball, 4, EV 87.5 MPH)
|
|
Batting: RHB Antonio Santos
|
0-0: Called Strike 0-1: Called Strike 0-2: Foul Ball, location: 2F 0-2: Strikes out looking
|
|
Batting: RHB David McDonald
|
0-0: Called Strike 0-1: Ball 1-1: Swinging Strike 1-2: Strikes out swinging
|
| Top of the 9th over - 0 runs, 0 hits, 0 errors, 0 left on base; Cedar Rapids 5 - West Michigan 2 |
| BOTTOM OF THE 9TH |
|
West Michigan Whitecaps batting - Pitching for Cedar Rapids Kernels : LHP Josh Armstrong
|
|
Pitching: RHP Matt Lundy
|
|
|
Batting: LHB George Moran
|
0-0: Called Strike 0-1: Foul Ball, location: 2F 0-2: Fly out, F6 (Popup, 6D, EV 55.6 MPH)
|
|
Batting: LHB Jon Pedlar
|
0-0: Called Strike 0-1: Ball 1-1: Foul Ball, location: 2F 1-2: Strikes out swinging
|
|
Batting: LHB Steve Herrera
|
0-0: Ball 1-0: Ball 2-0: Fly out, F9 (Flyball, 9, EV 79.4 MPH)
|
| Bottom of the 9th over - 0 runs, 0 hits, 0 errors, 0 left on base; Cedar Rapids 5 - West Michigan 2 |
|